 Dungeon Crawl Stone Soup version 0.31-a0-960-g0fca184906 (webtiles) character file.

Game seed: 18033173932041742134

20972 Flugkiller the Nimble (level 12, -9/68 HPs)
             Began as a Felid Chaos Knight on Oct 22, 2023.
             Was a Plaything of Xom.
             Mangled by an eight-headed hydra (11 damage)
             ... on level 1 of the Lair of Beasts.
             The game lasted 00:26:52 (13590 turns).

Flugkiller the Nimble (Felid Chaos Knight)         Turns: 13590, Time: 00:26:53

Health: -9/68      AC: 10    Str: 21    XL:     12   Next: 50%
Magic:  0/13       EV: 18    Int: 18    God:    Xom [*.....]
Gold:   400        SH:  0    Dex: 19    Spells: 9/11 levels left
                                        Lives:  0   Deaths: 4

rFire   . .          .
                       - Unarmed
rCold   + . .        (shield unavailable)
rNeg    . . .        (body armour unavailable)
rPois   .            (helmet unavailable)
rElec   .            (cloak unavailable)
rCorr   .            (gloves unavailable)
SInv    +            (boots unavailable)
Will    +....        h - amulet of guardian spirit
Stlth   ++           p - ring of protection from cold
HPRegen 0.31/turn    M - +6 ring of strength
MPRegen 0.13/turn

%: guardian spirit
@: snake-form, cleaving, unable to read
A: constrict, boosted hp, large, (claws 1), (fangs 3), see invisible, (speed 1),
(shaggy fur 3), (stealthy paws), no weapons or thrown items, no armour,
multi-lived, clever 1, mutation resistance 1, sense surroundings 1, inability to
read after injury 1, noise suppression
a: Begin Untransformation, Renounce Religion


You were on level 1 of the Lair of Beasts.
You worshipped Xom.
You were a special plaything of Xom.
You were an enormous anaconda.
You visited 2 branches of the dungeon, and saw 12 of its levels.
You also visited: Sewer, Bailey and Ice Cave.

You collected 1042 gold pieces.
You spent 642 gold pieces at shops.

Inventory:

Jewellery
 g - a ring of ice
   (You found it on level 1 of the Dungeon)
 h - an amulet of guardian spirit (around neck)
   (You took it off a kobold on level 2 of the Dungeon)
 n - the ring of Xom's Wantonness {Dex+2 SInv}
   (You found it on level 3 of the Dungeon)

   [ring of see invisible]

   Dex+2:     It affects your dexterity (+2).
   SInv:      It lets you see invisible.
 p - a ring of protection from cold (left hand)
   (You found it on level 1 of the Lair of Beasts)
 u - a ring of flight
   (You found it on level 5 of the Dungeon)
 A - an amulet of faith
   (You found it on level 10 of the Dungeon)
 M - a +6 ring of strength (right hand)
   (You took it off an orc on level 10 of the Dungeon)
 N - a ring of wizardry
   (You found it on level 5 of the Dungeon)
 O - the ring "Liovvip" {Wiz rCorr SInv}
   (You found it on level 11 of the Dungeon)

   [ring of wizardry]

   Wiz:       It improves your spell success rate.
   SInv:      It lets you see invisible.
   rCorr:     It protects you from acid and corrosion.
Talismans
 l - a storm talisman
   (You found it on level 3 of the Dungeon)
 I - the serpent talisman of Inevitability (active) {Str+3}
   (You bought it in a shop on level 4 of the Dungeon)

   [serpent talisman]

   Str+3:     It affects your strength (+3).
 J - a maw talisman
   (You found it on level 10 of the Dungeon)
Wands
 E - a wand of charming (11)
   (Xom gifted it to you on level 8 of the Dungeon)
 P - a wand of quicksilver (6)
   (You found it in an ice cave)
Scrolls
 c - a scroll of fear
 f - a scroll of immolation
 j - 2 scrolls of silence
 o - a scroll of fog {unknown}
 t - a scroll of teleportation
 v - 3 scrolls of vulnerability
 y - a scroll of brand weapon {unknown}
 z - 2 scrolls of blinking
 B - a scroll of noise {unknown}
 F - 2 scrolls of summoning
Potions
 b - 10 potions of ambrosia
 d - a potion of might
 e - a potion of mutation
 i - 2 potions of enlightenment
 k - 2 potions of cancellation
 m - a potion of magic {unknown}
 q - 4 potions of curing
 s - a potion of brilliance {unknown}
 w - 3 potions of heal wounds
 x - a potion of invisibility {unknown}
 C - 3 potions of berserk rage
 D - a potion of attraction
 G - a potion of resistance {unknown}
 H - a potion of lignification
 L - a potion of degeneration {unknown}
Miscellaneous
 a - a condenser vane (inert)
   (You found it in a bailey)
 K - a phial of floods
   (You found it on level 10 of the Dungeon)


   Skills:
 + Level 9.3 Fighting
 + Level 13.3 Dodging
 - Level 2.0 Stealth
 + Level 11.0 Unarmed Combat
 - Level 3.2 Evocations
 + Level 12.3 Shapeshifting


You had 9 spell levels left.
You knew the following spells:

 Your Spells              Type           Power      Damage    Failure   Level
a - Lesser Beckoning      Tloc           0%         N/A       32%         2

Your spell library contained the following spells:

 Spells                   Type           Power      Damage    Failure   Level
 Sandblast                Erth           0%         2d4       22%         1
 Blink                    Tloc           0%         N/A       32%         2
 Momentum Strike          Conj/Tloc      0%         3d8       32%         2
 Wereblood                Tmut           0%         N/A       32%         2
 Animate Dead             Necr           0%         N/A       91%         4
 Cause Fear               Hex            0%         N/A       91%         4
 Leda's Liquefaction      Hex/Erth       0%         N/A       91%         4
 Alistair's Intoxication  Tmut/Pois      0%         N/A       99%         5
 Borgnjor's Vile Clutch   Necr/Erth      0%         N/A       99%         5
 Fireball                 Conj/Fire      0%         3d3       99%         5
 Summon Forest            Summ/Tloc      0%         N/A       99%         5
 Summon Mana Viper        Hex/Summ       0%         N/A       99%         5
 Death Channel            Necr           0%         N/A       100%        6
 Summon Cactus Giant      Summ           0%         N/A       100%        6
 Dragon's Call            Summ           0%         N/A       100%        9


Dungeon Overview and Level Annotations

Branches:
Dungeon (11/15) Zot: 25912  Temple (0/1) D:4            Lair (1/5) D:10 Zot: 5917
    Orc (0/2) D:10          Sewer (visited)          Bailey (visited)
  IceCv (visited)

Altars:
Ashenzari
Elyvilon
Fedhas
Hepliaklqana
Ru
Sif Muna
Uskayaw
Vehumet
Xom
Zin
The Shining One

Shops:
D:4 =   D:5 ?   D:6 *(

Annotations:
D:3 Grinder
D:7 2 transporters
D:8 1 runed translucent door, Erica; Reshi88's ghost, novice SpHu


Innate Abilities, Weirdness & Mutations

You are an enormous anaconda.
You have a powerful constriction melee attack.
Your maximum health is increased.
((You have sharp claws.))
((You have razor-sharp teeth.))
You have supernaturally acute eyesight. (SInv)
((You cover ground quickly. (Speed+)))
((Your thick and shaggy fur keeps you warm. (AC +3, rC+)))
((Your paws help you pounce on unaware monsters.))
You are incapable of wielding weapons or throwing items.
You cannot wear armour.
You gain extra lives every three experience levels.
Your mind is acute. (Int +4, Str/Dex -1)
You are somewhat resistant to further mutation.
You passively map a small area around you.
You occasionally lose the ability to read scrolls when taking damage.
You passively dampen the noise of your surroundings.


Message History

The blink frog is lightly wounded.
You constrict the blink frog. The blink frog barely misses you.
You hit the blink frog.
The blink frog is moderately wounded.
You constrict the blink frog. The blink frog closely misses you.
The blink frog hits itself.
You release your grip on the blink frog.
Found a stone staircase leading down.
Unknown command.
You hit the blink frog but do no damage.
Your grab misses the blink frog.
The blink frog is heavily wounded.
The blink frog barely misses you.
You hit the blink frog. You grab the blink frog.
The blink frog is heavily wounded.
You constrict the blink frog. The blink frog closely misses you.
The blink frog hits itself!
The blink frog is killed!
No target in view!
No target in view!
No target in view!
No target in view!
No target in view!
No target in view!
An eight-headed hydra comes into view.
The eight-headed hydra roars!
Aiming: Quicksilver Bolt
Press: ? - help, Shift-Dir - straight line, f - eight-headed hydra
Aim: an eight-headed hydra (91% to hit)
The bolt of dispelling energy hits the eight-headed hydra!
The eight-headed hydra is lightly wounded.
Xom's power touches on your mind for a moment.
The eight-headed hydra looks rather confused.
You are now Xom's teddy bear.
Aiming: Quicksilver Bolt
Press: ? - help, Shift-Dir - straight line, f/p - eight-headed hydra
Aim: an eight-headed hydra (lightly wounded, confused, 100% to hit)
The bolt of dispelling energy hits the eight-headed hydra!
The eight-headed hydra is moderately wounded.
The eight-headed hydra's magical effects unravel! "Go forth and cause havoc, mortal!"
Your hands look sharp.
You are now a special plaything of Xom.
The eight-headed hydra bites you but does no damage.
The eight-headed hydra bites you.
You feel threatened and lose the ability to read scrolls!
The eight-headed hydra misses you.
The eight-headed hydra barely misses you.
The eight-headed hydra completely misses you.
The eight-headed hydra bites you!
The eight-headed hydra completely misses you.
The eight-headed hydra barely misses you.
You lash the eight-headed hydra!
The eight-headed hydra is heavily wounded.
Xom makes a sudden noise!
You hear the distant roaring of an enraged frog.
The eight-headed hydra closely misses you.
The eight-headed hydra bites you! x2; The eight-headed hydra bites you.
The eight-headed hydra misses you. The eight-headed hydra bites you!
The eight-headed hydra bites you but does no damage.
The eight-headed hydra misses you.
You hit the eight-headed hydra.
The eight-headed hydra is heavily wounded.
The eight-headed hydra bites you but does no damage. x2
The eight-headed hydra bites you. The eight-headed hydra bites you!
* * * LOW HITPOINT WARNING * * *
The eight-headed hydra bites you.
* * * LOW HITPOINT WARNING * * *
The eight-headed hydra bites you but does no damage.
The eight-headed hydra misses you.
The eight-headed hydra completely misses you.
Unknown command.
Unknown command.
You cannot read scrolls in your current state!
Unknown command.
Unknown command.
You feel much better.
The eight-headed hydra barely misses you.
The eight-headed hydra bites you but does no damage.
The eight-headed hydra bites you. x2
The eight-headed hydra barely misses you.
The eight-headed hydra bites you!
The eight-headed hydra bites you but does no damage.
The eight-headed hydra bites you.
* * * LOW HITPOINT WARNING * * *
Aiming: Quicksilver Bolt
Press: ? - help, Shift-Dir - straight line, f/p - eight-headed hydra
Aim: an eight-headed hydra (heavily wounded, 91% to hit)
The bolt of dispelling energy hits the eight-headed hydra!
The eight-headed hydra is severely wounded.
The eight-headed hydra bites you!
* * * LOW HITPOINT WARNING * * *
The eight-headed hydra barely misses you.
The eight-headed hydra bites you.
* * * LOW HITPOINT WARNING * * *
The eight-headed hydra misses you.
The eight-headed hydra barely misses you. x2
The eight-headed hydra bites you but does no damage.
The eight-headed hydra bites you!
You die...
Xom bursts into laughter!

*** ##....... * ..##...+
#........ ...... , ,
+....... .. , ....### ,,
#....... ...####.....##
#....... ..#....#.....##
##....... #^.........#..#
#P.####.'
...8...8...#..####..###...
.....>..DS.#..'†....#....#
*...8...8......#######.####
#..$..........# #.#
...#...##.#..(# ##'#### ,
##.......### #...... ,
........#...### #....>.
......#...#.....P#...... ,
,
..##.+##...####....~......
. #. ##### #..~≈~~.<...


You could see an eight-headed hydra.

Vanquished Creatures
  An orc warlord (Bailey)
  A two-headed ogre (D:11)
  A boulder beetle (D:11)
  2 orc knights (Bailey)
  An ugly thing (IceCv)
  A manticore (D:11)
  A cyclops (D:11)
  An ice statue (IceCv)
  A komodo dragon (D:10)
  An anaconda simulacrum (IceCv)
  A meliai (shapeshifter) (D:9)
  A queen bee (D:10)
  A hornet (D:11)
  2 trolls
  5 blink frogs (Lair:1)
  A wraith (D:10)
  2 shadows (D:10)
  9 yaks
  A wyvern (D:7)
  A death yak simulacrum (IceCv)
  A harpy simulacrum (IceCv)
  A warg (D:10)
  2 acid dragons (D:11)
  4 water moccasins
  A sky beast (D:7)
  2 ice beasts
  9 orc warriors
  3 black bears
  A phantom (D:5)
  3 centaurs
  2 kobold brigands
  3 bullfrogs
  A gnoll sergeant (D:10)
  8 wights
  23 killer bees (D:10)
  4 howler monkeys
  A jelly (D:5)
  6 hounds
  2 orc priests
  A gnoll bouda (D:6)
  An iron imp (D:5)
  2 sleepcaps
  An iguana (D:5)
  Natasha (thrice) (D:2 D:1)
  Terence (D:3)
  10 orc wizards
  A polar bear simulacrum (IceCv)
  11 gnolls
  5 adders
  A river rat (Sewer)
  2 white imps
  6 ufetubi
  3 worms
  2 dart slugs
  41 orcs
  4 ball pythons
  10 endoplasms
  4 giant cockroaches
  16 goblins
  15 hobgoblins
  15 jackals
  2 quokkas
  2 bats (D:1)
  7 frilled lizards
  19 kobolds
  9 rats
306 creatures vanquished.

Vanquished Creatures (collateral kills)
  An ugly thing (IceCv)
  A manticore (D:8)
  An ice statue (IceCv)
  2 orc warriors (Bailey)
  An ogre (D:6)
  A centaur (D:6)
  A kobold brigand (Sewer)
  6 wights
  2 sleepcaps
  A polar bear simulacrum (IceCv)
  2 gnolls (Bailey)
  3 orcs
  A hobgoblin (Bailey)
23 creatures vanquished.

Vanquished Creatures (others)
  A gnoll (D:6)
  A hobgoblin (Bailey)
2 creatures vanquished.

Grand Total: 331 creatures vanquished

Notes
Turn   | Place    | Note
-------+----------+-------------------------------------------
     0 | D:1      | Flugkiller the Felid Chaos Knight began the quest for the
                  | Orb.
     0 | D:1      | Reached XP level 1. HP: 10/10 MP: 2/2
    42 | D:1      | Reached skill level 1 in Stealth
   106 | D:1      | Reached XP level 2. HP: 14/14 MP: 3/3
   288 | D:1      | Reached XP level 3. HP: 17/17 MP: 4/4
   432 | D:1      | Found a faded altar of an unknown god.
   490 | D:2      | Noticed Natasha
   518 | D:2      | XOM: potion effect (haste)
   521 | D:2      | Killed Natasha
   760 | D:2      | XOM: silly message
   918 | D:2      | Reached XP level 4. HP: 20/21 MP: 5/5
   918 | D:2      | Noticed Natasha
   918 | D:2      | XOM: potion effect (curing)
   924 | D:2      | XOM: divination: magic mapping
   930 | D:1      | Killed Natasha
   971 | D:1      | Noticed Natasha
   997 | D:1      | Slain by Natasha
  1016 | D:1      | Killed Natasha
  1017 | D:1      | Reached skill level 5 in Unarmed Combat
  1330 | D:2      | XOM: give mutation
  1330 | D:2      | Gained mutation: You are frail. (-10% HP) [Xom's mischief]
  1388 | D:2      | Reached XP level 5. HP: 16/21 MP: 6/6
  1592 | D:3      | You fall into a shaft and drop 3 floors!
  1614 | D:6      | Found Eghinanoi's Hydra Hut.
  1615 | D:6      | Noticed an eight-headed hydra
  1652 | D:6      | XOM: divination: magic mapping
  1660 | D:6      | Noticed an ogre
  1747 | D:6      | Noticed a black bear
  1750 | D:6      | Noticed a centaur
  1757 | D:6      | Found Rydwephean's General Store.
  1760 | D:6      | XOM: potion effect (curing)
  1763 | D:6      | XOM: divination: detect creatures
  1767 | D:6      | XOM: scenery: create altars
  1768 | D:6      | HP: 1/21 [black bear (8)]
  1768 | D:6      | Slain by a black bear
  1787 | D:6      | XOM: summons 2 friendly demons
  1791 | D:6      | Killed an ogre
  1792 | D:6      | Killed a centaur
  1793 | D:6      | Reached skill level 4 in Dodging
  1793 | D:6      | Gained mutation: You are covered in thick fur. (AC +2)
                  | [Felid growth]
  1793 | D:6      | Reached XP level 6. HP: 25/25 MP: 7/7
  1796 | D:6      | Found a glowing drain.
  1813 | Sewer    | Entered a sewer
  2081 | Sewer    | XOM: summons friendly ufetubus
  2092 | Sewer    | Reached skill level 5 in Dodging
  2098 | Sewer    | XOM: 9-stop teleportation journey
  2114 | Sewer    | Reached skill level 6 in Dodging
  2126 | Sewer    | Found a glowing silver altar of Zin.
  2189 | Sewer    | XOM: divination: detect creatures
  2232 | D:6      | XOM: confuse monster(s)
  2252 | D:6      | Reached skill level 7 in Dodging
  2252 | D:6      | Reached XP level 7. HP: 21/27 MP: 8/8
  2351 | D:5      | Entered Level 5 of the Dungeon
  2373 | D:6      | XOM: summons 1 hostile shadow creature
  2430 | D:6      | XOM: give mutation
  2430 | D:6      | Gained mutation: You have hidden genetic potential. [Xom's
                  | grace]
  2478 | D:6      | Reached skill level 8 in Dodging
  2892 | D:3      | Identified the +1 leather armour of Ewaxe {Int+3 Stlth+}
  2904 | D:3      | XOM: 1-stop teleportation journey
  3068 | D:3      | Noticed Terence
  3076 | D:3      | Killed Terence
  3129 | D:3      | XOM: cloud trail
  3161 | D:3      | Noticed Grinder
  3181 | D:3      | XOM: god gift: morningstar {god gift}
  3478 | D:3      | Identified the ring of Xom's Wantonness {Dex+2 SInv}
  3698 | D:3      | XOM: give mutations
  3698 | D:3      | Gained mutation: You passively dampen the noise of your
                  | surroundings. [Xom's grace]
  3698 | D:3      | Lost mutation: You are frail. (-10% HP) [Xom's grace]
  3698 | D:3      | Gained mutation: You are strong-willed. (Will+) [Xom's
                  | grace]
  3718 | D:4      | Found a glowing silver altar of Zin.
  3718 | D:4      | Found a glowing golden altar of the Shining One.
  3718 | D:4      | Found a white marble altar of Elyvilon.
  3774 | D:4      | XOM: give mutations
  3774 | D:4      | Gained mutation: You have a pair of small horns on your
                  | head. [Xom's mischief]
  3774 | D:4      | Gained mutation: You are occasionally teleported next to
                  | monsters. [Xom's mischief]
  3774 | D:4      | Gained mutation: You are agile. (Dex +4, Str/Int -1) [Xom's
                  | mischief]
  3805 | D:4      | Found a staircase to the Ecumenical Temple.
  3839 | D:4      | XOM: silly message
  3913 | D:4      | XOM: silly message
  4113 | D:4      | Found a sacrificial altar of Ru.
  4195 | D:4      | Found Bentiwn's Jewellery Shop.
  4371 | D:5      | Found Nuhor's Magic Scroll Shop.
  4383 | D:5      | XOM: silly message
  4429 | D:5      | Reached skill level 1 in Shapeshifting
  4429 | D:5      | Reached XP level 8. HP: 29/36 MP: 4/9
  4478 | D:5      | Gained mutation: You passively map a small area around you.
                  | [hidden potential]
  4542 | D:5      | XOM: silly message
  4644 | D:5      | XOM: divination: detect items
  4661 | D:5      | XOM: enchant monster (bad)
  4670 | D:5      | XOM: potion effect (attraction)
  5114 | D:5      | Bought a scroll of blinking for 82 gold pieces
  5232 | D:5      | XOM: polymorph ufetubus -> iron imp
  5240 | D:5      | Reached skill level 9 in Dodging
  5256 | D:5      | Found a radiant altar of Vehumet.
  5263 | D:5      | XOM: draining
  5300 | D:5      | Found a blossoming altar of Fedhas.
  5307 | D:5      | Reached skill level 5 in Fighting
  5509 | D:5      | Learned a level 2 spell: Lesser Beckoning
  5602 | D:6      | XOM: 1-stop teleportation journey
  5618 | D:6      | XOM: scenery: summon butterflies
  5871 | D:7      | XOM: blink monster(s)
  5880 | D:7      | Reached XP level 9. HP: 25/39 MP: 6/10
  5896 | D:7      | XOM: summons 2 hostile shadow creatures
  5924 | D:7      | XOM: 1-stop teleportation journey
  6071 | D:7      | XOM: silly message
  6129 | D:7      | Found a transporter.
  6129 | D:7      | Found a transporter.
  6152 | D:7      | Found a flagged portal.
  6165 | Bailey   | Entered a bailey
  6208 | Bailey   | Slain by an orc warrior
  6216 | Bailey   | Gained mutation: Your muscles are strong. (Str +4, Int/Dex
                  | -1) [hidden potential]
  6216 | Bailey   | Lost mutation: You have hidden genetic potential. [hidden
                  | potential expressed]
  6219 | Bailey   | XOM: silly message
  6236 | Bailey   | XOM: noise
  6334 | Bailey   | Reached skill level 10 in Dodging
  6361 | Bailey   | Noticed an orc knight
  6378 | Bailey   | XOM: scenery: 1 fountains blood, 1 doors open
  6385 | Bailey   | XOM: swap monsters
  6448 | Bailey   | Killed an orc knight
  6449 | Bailey   | Reached skill level 5 in Shapeshifting
  6501 | Bailey   | Noticed an orc warlord
  6502 | Bailey   | Noticed an orc knight
  6522 | Bailey   | Killed an orc knight
  6523 | Bailey   | Reached XP level 10. HP: 47/47 MP: 11/11
  6534 | Bailey   | Lost mutation: Your muscles are strong. (Str +4, Int/Dex
                  | -1) [potion of mutation]
  6534 | Bailey   | Lost mutation: You have a pair of small horns on your head.
                  | [potion of mutation]
  6534 | Bailey   | Lost mutation: You are strong-willed. (Will+) [potion of
                  | mutation]
  6534 | Bailey   | Gained mutation: You are partially covered in iridescent
                  | scales. (AC +2) [potion of mutation]
  6537 | Bailey   | XOM: destruction
  6541 | Bailey   | Killed an orc warlord
  6542 | Bailey   | Reached skill level 11 in Dodging
  6597 | Bailey   | Reached XP level 11. HP: 50/50 MP: 12/12
  6929 | D:7      | Found a broken altar of Ashenzari.
  7373 | D:8      | XOM: fog
  7385 | D:8      | XOM: cast spell 'Monstrous Menagerie'
  7399 | D:8      | Found a hide-covered altar of Uskayaw.
  7526 | D:8      | Found a hazy altar of Hepliaklqana.
  7544 | D:8      | XOM: cleaving
  7738 | D:8      | Found a shimmering altar of Xom.
  7739 | D:8      | XOM: enchant monster (good)
  7793 | D:8      | Noticed Erica
  7808 | D:8      | Found a runed translucent door.
  7811 | D:8      | Noticed Reshi88's ghost (novice SpHu)
  7926 | D:8      | XOM: god gift: wand of charming (6)
  8150 | D:8      | XOM: god gift: scroll of enchant weapon
  8153 | D:8      | XOM: scenery: summon butterflies
  8284 | D:8      | Identified the +6 spear "Kiycav" {antimagic, rF+ Dex+3}
  8579 | D:9      | XOM: polymorph troll -> shapeshifter
  8580 | D:9      | XOM: confuse monster(s)
  8646 | D:8      | XOM: god gift: wand of charming (5)
  9034 | D:9      | Noticed an anaconda
  9034 | D:9      | XOM: 3-stop teleportation journey
  9127 | D:9      | Noticed a deep troll
  9256 | D:9      | Found a shimmering blue altar of Sif Muna.
  9371 | D:9      | XOM: divination: detect creatures
  9407 | D:9      | XOM: god gift: 65 gold pieces
  9526 | D:5      | XOM: scenery: 1 doors open, 1 doors close
  9572 | D:4      | Bought the serpent talisman of Inevitability {Str+3} for
                  | 560 gold pieces
  9907 | D:9      | XOM: scenery: 1 doors close
  9948 | D:9      | XOM: give mutations
  9948 | D:9      | Lost mutation: You are occasionally teleported next to
                  | monsters. [Xom's mischief]
  9948 | D:9      | Gained mutation: You are somewhat resistant to further
                  | mutation. [Xom's mischief]
  9948 | D:9      | Lost mutation: You are agile. (Dex +4, Str/Int -1) [Xom's
                  | mischief]
  9950 | D:9      | XOM: noise
 10126 | D:9      | XOM: noise
 10133 | D:9      | XOM: give mutations
 10133 | D:9      | Lost mutation: You are partially covered in iridescent
                  | scales. (AC +2) [Xom's mischief]
 10133 | D:9      | Gained mutation: You occasionally lose the ability to read
                  | scrolls when taking damage. [Xom's mischief]
 10133 | D:9      | Gained mutation: Your mind is acute. (Int +4, Str/Dex -1)
                  | [Xom's mischief]
 10134 | D:9      | XOM: swap monsters
 10138 | D:9      | XOM: silly message
 10140 | D:9      | Reached skill level 12 in Dodging
 10422 | D:10     | Entered Level 10 of the Dungeon
 10573 | D:10     | Found a staircase to the Orcish Mines.
 10628 | D:10     | Reached skill level 10 in Unarmed Combat
 10629 | D:10     | XOM: swap monsters
 10632 | D:10     | XOM: confusion (+ monsters)
 10661 | D:10     | XOM: noise
 11302 | D:10     | Found a staircase to the Lair.
 11428 | D:10     | XOM: noise
 11484 | D:10     | XOM: summons 3 friendly demons
 11496 | D:10     | XOM: potion effect (magic)
 11651 | D:10     | Gained mutation: Your thick and shaggy fur keeps you warm.
                  | (AC +3, rC+) [Felid growth]
 11651 | D:10     | Reached XP level 12. HP: 51/56 MP: 11/13
 11751 | D:10     | XOM: scenery: summon butterflies
 11859 | IceCv    | Identified the "Ilil"
 11883 | D:11     | Noticed a two-headed ogre
 11906 | D:11     | Found a frozen archway.
 11922 | D:11     | Killed a two-headed ogre
 11931 | D:11     | Noticed a boulder beetle
 11933 | IceCv    | Entered an ice cave
 11980 | IceCv    | XOM: silly message
 12059 | IceCv    | XOM: 1-stop teleportation journey
 12074 | IceCv    | XOM: summons 2 friendly demons
 12197 | IceCv    | XOM: summons friendly white imp
 12314 | IceCv    | XOM: potion effect (attraction)
 12456 | IceCv    | XOM: potion effect (brilliance)
 12456 | IceCv    | XOM: smoke on damage
 12464 | IceCv    | XOM: potion effect (magic)
 12471 | IceCv    | XOM: enchant monster (good)
 12472 | IceCv    | Killed from afar by an ice statue
 12476 | IceCv    | XOM: confuse monster(s)
 12491 | D:11     | Killed a boulder beetle
 12492 | D:11     | Reached skill level 13 in Dodging
 12915 | D:11     | XOM: noise
 12979 | D:11     | Identified the ring "Liovvip" {Wiz rCorr SInv}
 12989 | D:11     | XOM: smoke on damage
 13116 | D:11     | XOM: divination: detect items
 13185 | D:11     | XOM: god gift: 29 gold pieces
 13188 | D:11     | XOM: god gift: scroll of vulnerability
 13504 | Gauntlet | Identified the "Xiadoarika"
 13504 | Lair:1   | Entered Level 1 of the Lair of Beasts
 13551 | Lair:1   | XOM: confuse monster(s)
 13554 | Lair:1   | XOM: fake destruction
 13561 | Lair:1   | XOM: confuse monster(s)
 13578 | Lair:1   | Noticed an eight-headed hydra
 13584 | Lair:1   | XOM: confuse monster(s)
 13585 | Lair:1   | XOM: cleaving
 13587 | Lair:1   | XOM: noise
 13590 | Lair:1   | HP: 2/68 [eight-headed hydra (6)]
 13590 | Lair:1   | Mangled by an eight-headed hydra

Illustrated notes

Levels and vault maps discovered:
D:1:      wander_arrival_lonely_grave, layout_rooms,
          hellmonk_ecumenical_altar_heavens_door, minmay_box_of_dots
D:2:      layout_basic, uniq_natasha
D:3:      layout_loops_corners, uniq_grinder, uniq_terence
D:4:      layout_rooms, dreamdust_divine_triumvirate, kennysheep_little_box,
          minmay_temple_entry_hall, serial_shops, nicolae_shop_trees
D:5:      minmay_evil_eye, layout_gridville, lemuel_tele_altar,
          fedhas_altar_decomposition, glass_columns_a, kennysheep_windowed_goal
D:6:      layout_rooms, serial_shops, nicolae_shop_tiny_waterfront,
          portal_sewer_entry_d, doesnt_shop_hydraphobe
D:7:      gammafunk_beogh_shrine, layout_basic, evilmike_ruin_ashenzari,
          enter_bailey_3, minmay_misc_feat_plants
D:8:      layout_loops_ring, mainiacjoe_overflow_cross_hatched,
          mainiacjoe_overflow_catch_the_wave, ebering_ghost_funeral_grove,
          uniq_erica
D:9:      layout_stronghold, led_sif_pool
D:10:     layout_basic, lair_entry_dummy, david_orc_3, special_room
          [special_room_bee]
D:11:     layout_big_octagon, portal_ice_cave_entry_pillars_1
Lair:1:   layout_roguey, grunt_megastairs_2, infiniplex_staircase_pool

Skill      XL: |  1  2  3  4  5  6  7  8  9 10 11 12 |
---------------+-------------------------------------+-----
Stealth        | 2 |  2.0
Unarmed Combat | 4 5 6 7 8 10 11 | 11.0
Evocations     | 2 3 |  3.2
Dodging        | 4 7 8 9 10 11 12 13 | 13.3
Fighting       | 4 5 7 8 9 |  9.3
Shapeshifting  | 1 3 5 11 12 | 12.3

Action                     |  1- 3 |  4- 6 |  7- 9 | 10-12 || total
---------------------------+-------+-------+-------+-------++-------
  Melee: Unarmed           |    94 |    87 |   388 |   457 ||  1026
         Bite              |     4 |     6 |    55 |    27 ||    92
         Punch             |     1 |     3 |    18 |    10 ||    32
         Headbutt          |       |       |    78 |       ||    78
         Constrict         |       |       |       |    66 ||    66
         Maw               |       |       |       |     1 ||     1
  Evoke: Wand              |       |     5 |     3 |     4 ||    12
         Condenser vane    |       |       |       |     1 ||     1
    Use: Scroll            |     2 |     4 |     7 |     6 ||    19
         Potion            |       |     1 |     6 |     8 ||    15
   Stab: Sleeping          |     4 |     5 |    12 |     4 ||    25
         Distracted        |       |       |     2 |     1 ||     3
         Confused          |       |       |     1 |     3 ||     4
 Armour: Skin              |    20 |    38 |    87 |   220 ||   365
  Dodge: Dodged            |    79 |    79 |   341 |   445 ||   944
   Form: Anaconda          |       |       |       |     3 ||     3
                           |       |       |       |     2 ||     2
         Maw               |       |       |       |     2 ||     2

Table legend: (Time is in decaauts)
 A = Elapsed time spent in this place.
 B = Non-inter-level travel time spent in this place.
 C = Inter-level travel time spent in this place.
 D = Time resting spent in this place.
 E = Time spent auto-exploring this place.
 F = Levels seen in this place.
 G = Mean time per level.
                   A        B        C        D        E       F      G
               +--------+--------+--------+--------+--------+-----+--------+
         Total |  12158 |  11552 |    606 |   3388 |   4641 |  15 |  810.5 |
       Dungeon |  10710 |  10105 |    605 |   2794 |   4476 |  11 |  973.6 |
          Lair |     81 |     81 |      0 |      0 |     35 |   1 |   81.0 |
         Sewer |    421 |    421 |      0 |    142 |    100 |   1 |  421.0 |
        Bailey |    412 |    412 |      0 |     72 |     29 |   1 |  412.0 |
      Ice Cave |    533 |    533 |      0 |    379 |      0 |   1 |  533.0 |
               +--------+--------+--------+--------+--------+-----+--------+

Top non-repeatable levels by time:
     D:9: 1561 daAuts
    D:10: 1272 daAuts
     D:5: 1132 daAuts
    D:11: 1069 daAuts
     D:8: 1020 daAuts
     D:7: 972 daAuts
     D:4: 874 daAuts
     D:2: 845 daAuts
     D:3: 747 daAuts
     D:6: 700 daAuts
   IceCv: 533 daAuts
     D:1: 513 daAuts
   Sewer: 421 daAuts
  Bailey: 412 daAuts
  Lair:1: 81 daAuts
